 Dungeon Crawl Stone Soup version 0.17-a0-802-g1f09329 (webtiles) character file.

149 namelastname112 the Gusty (level 5, -6/38 HPs)
             Began as a Draconian Air Elementalist on Apr 26, 2015.
             Killed from afar by Blork the orc (8 damage)
             ... with a magic dart
             ... on level 4 of the Dungeon.
             The game lasted 00:06:53 (3832 turns).

namelastname112 the Gusty (DrAE)                    Turns: 3832, Time: 00:06:53

Health: -6/38      AC:  6    Str: 11    XL:     5   Next: 9%
Magic:  0/9        EV: 12    Int: 16    God:
Gold:   132        SH:  0    Dex: 11    Spells: 1 memorised, 9 levels left

rFire  . . .     SeeInvis .     s - +0 lajatang
rCold  . . .     Clarity  .     (armour unavailable)
rNeg   . . .     SustAb   .     (no shield)
rPois  .         Gourm    .     (helmet restricted)
rElec  .         Spirit   .     g - +0 cloak
rCorr  .         Warding  .     (no gloves)
rMut   .         Stasis   .     (no boots)
MR     +....                    (no amulet)
Stlth  ++........               n - ring of stealth
                                k - ring of protection from magic

@: very slightly contaminated, drained, somewhat resistant to hostile
enchantments, unstealthy
A: unfitting armour, cold-blooded, AC +5
a: no special abilities


You were on level 4 of the Dungeon.
You were hungry.

You visited 1 branch of the dungeon, and saw 4 of its levels.

You collected 132 gold pieces.

Inventory:

Hand weapons
 s - a +0 lajatang (weapon)
Armour
 g - a +0 cloak (worn)
Jewellery
 k - a ring of protection from magic (left hand)
 n - a ring of stealth (right hand)
 A - an uncursed ring of positive energy {unknown}
Scrolls
 e - 3 scrolls of enchant weapon {unknown}
 i - a scroll of blinking {unknown}
 o - a scroll of magic mapping {unknown}
 r - 2 scrolls of recharging {unknown}
 t - a scroll of immolation {unknown}
 v - a scroll of amnesia {unknown}
 w - a scroll of teleportation {unknown}
 y - a scroll of remove curse {unknown}
Potions
 c - a potion of invisibility {unknown}
 f - a potion of restore abilities
 h - a potion of cure mutation {unknown}
 m - a potion of curing {unknown}
 p - a potion of brilliance {unknown}
 q - a potion of lignification {unknown}
 u - 4 potions of poison {unknown}
Books
 a - a book of Air

   Spells                             Type                      Level
   a - Shock                          Conjuration/Air              1
   b - Swiftness                      Charms/Air                   2
   c - Repel Missiles                 Charms/Air                   2
   d - Flight                         Charms/Air                   3
   e - Static Discharge               Conjuration/Air              3
   f - Lightning Bolt                 Conjuration/Air              5
Comestibles
 b - 2 bread rations
 d - 2 beef jerkies
 j - a royal jelly
 l - 8 fruits
 x - a meat ration
 z - 3 chunks of flesh


   Skills:
 - Level 1.7(1.2) Dodging
 - Level 1.7(1.2) Stealth
 + Level 3.2(2.7) Spellcasting
 + Level 2.6(2.1) Conjurations
 + Level 4.2(3.7) Air Magic


You had 9 spell levels left.
You knew the following spells:

 Your Spells              Type           Power        Failure   Level  Hunger
z - Shock                 Conj/Air       ##..         8%          1    #......


Dungeon Overview and Level Annotations

Branches:
Dungeon (4/15)
 Temple: D:4-7

Altars:
Ashenzari
Dithmenos
Nemelex Xobeh
Sif Muna
Xom

Annotations:
D:4 Blork the orc


Innate Abilities, Weirdness & Mutations

Your plain brown scales are hard (AC +5).
Your body does not fit into most forms of armour.
You are cold-blooded and may be slowed by cold attacks.


Message History

Blork the orc hits you with a flail of holy wrath.
Blork the orc gestures at you while chanting.
The puff of frost hits you!
Casting: Shock
Confirm with . or Enter, or press ? or * to list all spells.
You don't have enough magic to cast that spell.
Casting: Shock
Confirm with . or Enter, or press ? or * to list all spells.
You don't have enough magic to cast that spell.
You barely miss Blork the orc.
Blork the orc is severely wounded.
Blork the orc hits you with a flail of holy wrath.
* * * LOW HITPOINT WARNING * * *
Blork the orc hits you with a flail of holy wrath!
* * * LOW HITPOINT WARNING * * *
Drink which item? (? for menu, Esc to quit)
It was a potion of restore abilities.
You feel refreshed. Blork the orc casts a spell at you.
The magic dart hits you!
You die...

#.#...#.# .....#.#
#....#.## #....#..# #
#..#.##.# #.
######.#.##.### #..
#...).........#
...#...##.....#...#.#.#
.......o@...........#.#
...#...##..........##.#
#.. #......#......# #.
#......#..##### #
#......#).##
######.#...#
#######.#...#
#.......#.#>#
#.###...#)#.######


You could see Blork the orc.

Vanquished Creatures
  6 adders
  2 oozes (D:3)
  2 worms
  9 orcs
  3 giant cockroaches (D:1)
  6 goblins
  10 hobgoblins
  2 quokkas
  2 ball pythons
  12 bats
  A giant gecko (D:3)
  4 giant newts
  5 kobolds
  8 rats
72 creatures vanquished.

Notes
Turn   | Place    | Note
--------------------------------------------------------------
     0 | D:1      | namelastname112, the Draconian Air Elementalist, began the quest for the Orb.
     0 | D:1      | Reached XP level 1. HP: 14/14 MP: 3/3
   256 | D:1      | Reached XP level 2. HP: 17/20 MP: 0/5
   307 | D:1      | You fall through a shaft!
   307 | D:2      | Found a shattered altar of Ashenzari.
  1429 | D:2      | HP: 1/20 [worm (12)]
  1433 | D:2      | Reached XP level 3. HP: 1/26 MP: 0/6
  2278 | D:3      | Reached XP level 4. HP: 33/33 MP: 0/8
  2798 | D:3      | Reached skill level 4 in Air Magic
  3237 | D:3      | Found a deep blue altar of Sif Muna.
  3257 | D:3      | Found a sparkling altar of Nemelex Xobeh.
  3282 | D:3      | Found a shimmering altar of Xom.
  3399 | D:3      | Found a shadowy altar of Dithmenos.
  3577 | D:4      | Reached XP level 5. HP: 38/38 MP: 1/9
  3820 | D:4      | Noticed Blork the orc
  3831 | D:4      | HP: 1/38 [Blork the orc/flail of holy wrath (9)]
  3832 | D:4      | Killed from afar by Blork the orc

Action                   |  1- 3 |  4- 6 || total
-------------------------+-------+-------++-------
Melee: Unarmed           |    45 |       ||    45
       Dagger            |     5 |       ||     5
       Lajatang          |    13 |    27 ||    40
 Cast: Shock             |    86 |    81 ||   167
  Use: Potion            |       |     1 ||     1
  Eat: Chunk             |     5 |     5 ||    10
